 Dungeon Crawl Stone Soup version 0.27.1-33-g824d729ab1 (webtiles) character file.

Game seed: 3428079756053895499

210 zeram the Sneak (level 5, -1/38 HPs)
             Began as a Gnoll Enchanter on Nov 26, 2021.
             Slain by an ufetubus (3 damage)
             ... on level 4 of the Dungeon.
             The game lasted 00:07:02 (4116 turns).

zeram the Sneak (Gnoll Enchanter)                   Turns: 4116, Time: 00:07:02

Health: -1/38      AC:  3    Str:  7    XL:     5   Next: 87%
Magic:  12/12      EV: 13    Int: 16    God:
Gold:   180        SH:  0    Dex: 12    Spells: 5/14 levels left

rFire    . . .     SeeInvis .   a - +1 dagger
rCold    . . .     Faith    .   (no shield)
rNeg     . . .     Spirit   .   b - +1 robe
rPois    .         Reflect  .   (no helmet)
rElec    .         Harm     .   (no cloak)
rCorr    .         Rampage  .   (no gloves)
Will     .....                  (no boots)
Stlth    +++.......             (no amulet)
HPRegen  0.12/turn              (no ring)
MPRegen  0.13/turn              (no ring)

@: no status effects
A: fangs 1, strong nose, distributed training
a: no special abilities


You were on level 4 of the Dungeon.
You visited 1 branch of the dungeon, and saw 4 of its levels.

You collected 180 gold pieces.

Inventory:

Hand Weapons
 a - a +1 dagger (weapon)
Armour
 b - a +1 robe (worn)
Scrolls
 c - a scroll of immolation
Potions
 g - a potion of resistance


   Skills:
 + Level 1.6 Fighting
 + Level 3.1 Short Blades
 + Level 1.6 Long Blades
 + Level 1.6 Axes
 + Level 1.6 Maces & Flails
 + Level 1.6 Polearms
 + Level 1.6 Staves
 + Level 1.6 Slings
 + Level 1.6 Bows
 + Level 1.6 Crossbows
 + Level 1.6 Throwing
 + Level 1.6 Armour
 + Level 4.8 Dodging
 + Level 6.2 Stealth
 + Level 1.6 Shields
 + Level 1.6 Unarmed Combat
 + Level 5.2 Spellcasting
 + Level 1.3 Conjurations
 + Level 5.6 Hexes
 + Level 1.3 Summonings
 + Level 1.3 Necromancy
 + Level 1.3 Translocations
 + Level 1.3 Transmutations
 + Level 1.3 Fire Magic
 + Level 1.3 Ice Magic
 + Level 1.3 Air Magic
 + Level 1.3 Earth Magic
 + Level 1.3 Poison Magic
 + Level 1.9 Invocations
 + Level 1.6 Evocations


You had 5 spell levels left.
You knew the following spells:

 Your Spells              Type           Power      Damage    Failure   Level
a - Corona                Hex            24%        N/A       1%          1
b - Ensorcelled Hibernat  Hex/Ice        30%        N/A       5%          2
c - Tukima's Dance        Hex            22%        N/A       4%          3
d - Dazzling Flash        Conj/Hex       30%        N/A       11%         3

Your spell library contained the following spells:

 Spells                   Type           Power      Damage    Failure   Level
 Confusing Touch          Hex            22%        N/A       4%          3
 Gell's Gravitas          Tloc           4%         N/A       26%         3
 Lesser Beckoning         Tloc           4%         N/A       26%         3
 Teleport Other           Tloc           8%         N/A       26%         3


Dungeon Overview and Level Annotations

Branches:
Dungeon (4/15)
 Temple: D:4-7

Altars:
Cheibriados

Shops:
D:1 *[=


Innate Abilities, Weirdness & Mutations

You have very sharp teeth.
Your uncanny sense of smell can sniff out nearby items.
Your experience applies equally to all skills.


Message History

The ufetubus barely misses you. The ufetubus hits you.
As you read the scroll labelled FAMATE PEICLAMOL, it crumbles to dust.
You feel strangely unstable.
It was a scroll of teleportation.
The centaur skeleton hits you but does no damage.
The centaur skeleton closely misses you.
The ufetubus closely misses you. The ufetubus hits you.
* * * LOW HITPOINT WARNING * * *
The centaur skeleton hits you.
* * * LOW HITPOINT WARNING * * *
The centaur skeleton barely misses you.
You feel better. The ufetubus misses you. The ufetubus hits you.
The centaur skeleton hits you. The centaur skeleton misses you.
The ufetubus misses you. The ufetubus hits you.
* * * LOW HITPOINT WARNING * * *
Unknown command.
Your surroundings seem slightly different.
As you read the scroll of teleportation, it crumbles to dust.
You feel strangely unstable. The ufetubus hits you.
* * * LOW HITPOINT WARNING * * *
The ufetubus barely misses you.
Your surroundings seem slightly different.
A kobold comes into view. It is wielding a +0 dagger.
A kobold comes into view. It is wielding a +0 dagger.
The kobold shouts!
An adder comes into view.
The kobold shouts!
The ufetubus hits you but does no damage.
The ufetubus hits you.
* * * LOW HITPOINT WARNING * * *
The ufetubus hits you.
* * * LOW HITPOINT WARNING * * *
The ufetubus hits you but does no damage.
The ufetubus hits you.
* * * LOW HITPOINT WARNING * * *
The ufetubus misses you.
The centaur skeleton hits you but does no damage.
The centaur skeleton kicks you but does no damage.
The ufetubus hits you.
You die...

<.##...##.<#.....................
...#...#...#.....................
#.)#...#'.##.....................
###.....###....>.............####
............##..........##...###.
.....8......####........###..##..
............##...###....##.......
###.....###.##..##....## #.......
#.'#...#..#####.@......## .##....
...#...#...# ##5Z......##.#.....
>.##...##.<# #...............#.
####...# ### ##.........#.......
##.## ####......K...##......
#.######..#.......K..#..S....
#............................ ##
####......................
#......................


You could see an ufetubus, 2 kobolds and a centaur skeleton.

Vanquished Creatures
  A scorpion (D:4)
  A scorpion zombie (D:4)
  A hound skeleton (D:2)
  3 gnolls (D:3)
  2 adders
  4 worms
  A dart slug (D:2)
  An orc (D:4)
  7 ball pythons
  6 bats
  7 endoplasms
  2 giant cockroaches
  9 goblins
  4 hobgoblins
  3 kobolds
  2 quokkas
  4 frilled lizards
  3 rats
61 creatures vanquished.

Vanquished Creatures (others)
  3 dancing weapons (D:3)
  6 plants
9 creatures vanquished.

Grand Total: 70 creatures vanquished

Notes
Turn   | Place    | Note
-------+----------+-------------------------------------------
     0 | D:1      | zeram the Gnoll Enchanter began the quest for the Orb.
     0 | D:1      | Reached XP level 1. HP: 13/13 MP: 6/6
   247 | D:1      | Reached XP level 2. HP: 19/19 MP: 7/7
   306 | D:1      | Found Somoodob's Jewellery Boutique.
   397 | D:1      | Found Buak's Assorted Antiques.
   510 | D:1      | Found Lank's Antique Armour Boutique.
   829 | D:1      | Found a faded altar of an unknown god.
  1123 | D:2      | Reached XP level 3. HP: 21/25 MP: 9/9
  1126 | D:2      | Learned a level 2 spell: Ensorcelled Hibernation
  1130 | D:2      | Learned a level 3 spell: Tukima's Dance
  1134 | D:2      | Learned a level 3 spell: Dazzling Flash
  1184 | D:2      | Reached skill level 5 in Spellcasting
  1371 | D:2      | Reached skill level 6 in Stealth
  1371 | D:2      | Reached skill level 1 in Invocations
  1628 | D:2      | Reached skill level 1 in Fighting
  1628 | D:2      | Reached skill level 1 in Long Blades
  1628 | D:2      | Reached skill level 1 in Axes
  1628 | D:2      | Reached skill level 1 in Maces & Flails
  1628 | D:2      | Reached skill level 1 in Polearms
  1628 | D:2      | Reached skill level 1 in Staves
  1628 | D:2      | Reached skill level 1 in Slings
  1628 | D:2      | Reached skill level 1 in Bows
  1628 | D:2      | Reached skill level 1 in Crossbows
  1628 | D:2      | Reached skill level 1 in Throwing
  1628 | D:2      | Reached skill level 1 in Armour
  1628 | D:2      | Reached skill level 1 in Shields
  1628 | D:2      | Reached skill level 1 in Unarmed Combat
  1628 | D:2      | Reached skill level 1 in Evocations
  1628 | D:2      | Reached XP level 4. HP: 21/32 MP: 11/11
  2248 | D:3      | Reached skill level 1 in Conjurations
  2248 | D:3      | Reached skill level 1 in Summonings
  2248 | D:3      | Reached skill level 1 in Necromancy
  2248 | D:3      | Reached skill level 1 in Translocations
  2248 | D:3      | Reached skill level 1 in Transmutations
  2248 | D:3      | Reached skill level 1 in Fire Magic
  2248 | D:3      | Reached skill level 1 in Ice Magic
  2248 | D:3      | Reached skill level 1 in Air Magic
  2248 | D:3      | Reached skill level 1 in Earth Magic
  2248 | D:3      | Reached skill level 1 in Poison Magic
  2427 | D:3      | Found a snail-covered altar of Cheibriados.
  2792 | D:3      | Reached XP level 5. HP: 37/37 MP: 12/12
  4115 | D:4      | HP: 1/38 [ufetubus (4)]
  4116 | D:4      | Slain by an ufetubus

Illustrated notes

Levels and vault maps discovered:
D:1:      dpeg_arrival_oval, layout_loops_ring,
          dreamdust_ecumenical_altar_hidden_monk_grotto, serial_shops,
          nicolae_shop_stone, nicolae_shop_overgrown_old_shop,
          nicolae_shop_waterfront
D:2:      layout_rooms, chequers_serial_rivers_marsh, due_unseen_surprise
D:3:      layout_loops_ring, lemuel_tele_altar, chequers_big_river,
          wad_floor_pattern_untrapped, minmay_large_rounded_square
D:4:      layout_cave_pools, hangedman_decor_clover_reticule,
          grunt_ministairs_6, minmay_fractal_squares_diagonal_5

Skill      XL: |  1  2  3  4  5 |
---------------+----------------+-----
Spellcasting   | 5 |  5.2
Stealth        | 6 |  6.2
Invocations    | 1 |  1.9
Fighting       | 1 |  1.6
Long Blades    | 1 |  1.6
Axes           | 1 |  1.6
Maces & Flails | 1 |  1.6
Polearms       | 1 |  1.6
Staves         | 1 |  1.6
Slings         | 1 |  1.6
Bows           | 1 |  1.6
Crossbows      | 1 |  1.6
Throwing       | 1 |  1.6
Armour         | 1 |  1.6
Shields        | 1 |  1.6
Unarmed Combat | 1 |  1.6
Evocations     | 1 |  1.6
Conjurations   | 1 |  1.3
Summonings     | 1 |  1.3
Necromancy     | 1 |  1.3
Translocations | 1 |  1.3
Transmutations | 1 |  1.3
Fire Magic     | 1 |  1.3
Ice Magic      | 1 |  1.3
Air Magic      | 1 |  1.3
Earth Magic    | 1 |  1.3
Poison Magic   | 1 |  1.3
Short Blades   | 3 |  3.1
Dodging        | |  4.8
Hexes          | |  5.6

Action                   |  1- 3 |  4- 6 || total
-------------------------+-------+-------++-------
Melee: Dagger            |   110 |   114 ||   224
       Bite              |     6 |     7 ||    13
       Punch             |       |     1 ||     1
 Cast: Corona            |     3 |     1 ||     4
       Ensorcelled Hiber |     2 |    20 ||    22
       Dazzling Flash    |     1 |       ||     1
       Tukima's Dance    |       |     4 ||     4
  Use: Scroll            |     2 |     4 ||     6
       Potion            |       |     3 ||     3
 Stab: Sleeping          |    14 |    18 ||    32
Armor: Robe              |    19 |    24 ||    43
       Skin              |       |     7 ||     7
Dodge: Dodged            |    75 |    78 ||   153
